AoeStats
← Moge

Arena

509465574Analyzed
1v1 RM · 4d ago on Sep 26, 2026· 56m 18s· 2 players
Game mode
Random Map
Map size
Tiny (2 player)
Population
200
Speed
Normal
Resources
Standard
Victory
Conquest
Starting age
Dark Age
Ending age
Imperial Age
RankedLock teamsTeams togetherTeam positionsShared explorationLock speedFull tech treeHidden civsTurbo modeCheats
Victory
Defeat
🇺🇸 Mongols · United States
1020
+16
🇬🇧 Britons · United Kingdom
1024
-16
Moge
8:32 Feudal Age
11:15 Loom
14:19 Castle Age
12:38 Horse Collar
14:54 Double-Bit Axe
17:17 Wheelbarrow
20:31 Heavy Plow
24:12 Gold Mining
25:08 Bow Saw
25:50 Gold Shaft Mining
25:54 Fletching
29:03 Imperial Age
28:03 Thumb Ring
27:56 Bodkin Arrow
28:09 Town Watch
28:43 Husbandry
29:00 Bloodlines
29:12 Scale Barding Armor
30:30 Hand Cart
31:22 Bracer
32:34 Chain Barding Armor
32:45 Conscription
33:16 Heavy Cavalry Archer
36:49 Parthian Tactics
37:38 Ballistics
38:19 Chemistry
38:26 Padded Archer Armor
43:41 Forging
43:04 Cavalier
46:42 Iron Casting
46:48 Murder Holes
47:03 Siege Engineers
47:51 Town Patrol
54:26 Blast Furnace
55:22 Light Cavalry
Zeus Kakarot
12:01 Feudal Age
12:32 Loom
13:11 Double-Bit Axe
13:08 Horse Collar
17:05 Castle Age
20:02 Bow Saw
20:37 Wheelbarrow
24:24 Fletching
26:20 Hand Cart
27:00 Town Watch
33:39 Imperial Age
31:24 Padded Archer Armor
33:07 Ballistics
33:03 Pikeman
33:43 Squires
34:13 Heavy Plow
34:30 Bodkin Arrow
35:02 Elite Longbowman
37:11 Bracer
38:25 Chemistry
37:06 Treadmill Crane
37:36 Masonry
45:17 Yeomen
47:26 Arson
49:56 Halberdier
50:39 Scale Mail Armor
50:50 Forging
52:45 Chain Mail Armor
53:06 Iron Casting
52:02 Elite Skirmisher
Connection lost

Rejoining the realm…

Still unreachable

The connection could not be restored.

Session expired

The server has moved on; the page needs a fresh start.